SAAA
PAWNEE PARKSNREC @ FLORIDA MEN
05/17/2041
 
TOP OF THE 1ST
Pawnee ParksNRec batting - Pitching for Florida Men : RHP Pancho Covarrubias
Pitching: RHP Pancho Covarrubias
Batting: RHB Hiroshige Ohashi 0-0: Called Strike
0-1: Ground out 4-3 (Groundball, 4MS, EV 63.8 MPH)
Batting: RHB Josh Mawdesley 0-0: Ball
1-0: Called Strike
1-1: Ground out 1-3 (Groundball, 34S, EV 69.4 MPH)
Batting: RHB Peni Ferede 0-0: Called Strike
0-1: Foul Ball, location: 2F
0-2: Ball
1-2: Reached on error, E2 (Groundball, 2R, EV 65.0 MPH)
Batting: LHB Buddy Patton 0-0: Ball
1-0: Ball
2-0: Swinging Strike
2-1: Called Strike
2-2: Ball
3-2: Base on Balls
Batting: RHB Gilberto Ramírez 0-0: Ball
1-0: 3-RUN HOME RUN (Flyball, 78XD, EV 103.8 MPH), Distance : 412 ft
Batting: RHB Ken Bone 0-0: Ball
1-0: Foul Ball, location: 2F
1-1: SINGLE (Groundball, 6MD, EV 96.9 MPH)
Batting: RHB Charles Atkinson 0-0: Ball
1-0: Ball
2-0: Foul Ball, location: 2F
2-1: Swinging Strike
2-2: Strikes out swinging
Top of the 1st over - 3 runs, 2 hits, 1 error, 1 left on base; Pawnee 3 - Florida 0
BOTTOM OF THE 1ST
Florida Men batting - Pitching for Pawnee ParksNRec : RHP Manuel Ruíz
Pitching: RHP Manuel Ruíz
Batting: RHB Tristan Powell 0-0: Called Strike
0-1: Bunt missed!
0-2: Strikes out looking
Batting: RHB Pellervo Rintanen 0-0: Foul Ball, location: 2F
0-1: Called Strike
0-2: Ball
1-2: Foul Ball, location: 2F
1-2: Ball
2-2: Ball
3-2: Base on Balls
Batting: SHB Blaine Callahan 0-0: Ball
1-0: Called Strike
1-1: Swinging Strike
1-2: Ball
2-2: Ball
3-2: Base on Balls
Pellervo Rintanen to second
Batting: RHB Tristan Eikelenboom 0-0: Ball
1-0: Ball
2-0: Called Strike
2-1: Called Strike
2-2: Strikes out looking
Batting: LHB Jim Halpert 0-0: Fielders Choice at 2nd, 5-4 (Groundball, 5, EV 107.5 MPH)
Bottom of the 1st over - 0 runs, 0 hits, 0 errors, 2 left on base; Pawnee 3 - Florida 0
TOP OF THE 2ND
Pawnee ParksNRec batting - Pitching for Florida Men : RHP Pancho Covarrubias
Batting: RHB Ashton Bailey 0-0: Ball
1-0: Foul Ball, location: 2F
1-1: Called Strike
1-2: Strikes out swinging
Batting: RHB Germán Pérez 0-0: Foul Ball, location: 2F
0-1: Ball
1-1: Swinging Strike
1-2: Ground out 5-3 (Groundball, 5L, EV 93.1 MPH)
Batting: RHB Hiroshige Ohashi 0-0: Foul Ball, location: 2F
0-1: Foul Ball, location: 2F
0-2: Ball
1-2: Strikes out swinging
Top of the 2nd over - 0 runs, 0 hits, 0 errors, 0 left on base; Pawnee 3 - Florida 0
BOTTOM OF THE 2ND
Florida Men batting - Pitching for Pawnee ParksNRec : RHP Manuel Ruíz
Batting: LHB Peter Metellus 0-0: Ball
1-0: Ball
2-0: Swinging Strike
2-1: Swinging Strike
2-2: Ball
3-2: Base on Balls
Batting: RHB Matsudaira Sugahara 0-0: Ball
1-0: Called Strike
1-1: Foul Ball, location: 2F
1-2: Ball
2-2: Ball
3-2: Strikes out swinging
Batting: LHB Badry Maksimenov 0-0: Foul Ball, location: 2F
0-1: Ball
1-1: Ball
2-1: Foul Ball, location: 2F
2-2: Ball
3-2: Base on Balls
Peter Metellus to second
Batting: LHB Duncan Witteman 0-0: Ball
1-0: Ball
2-0: Called Strike
2-1: Ball
3-1: Called Strike
3-2: Foul Ball, location: 2F
3-2: Base on Balls
Peter Metellus to third
Badry Maksimenov to second
Batting: RHB Tristan Powell 0-0: Ball
1-0: Ball
2-0: Reached on error, E3 (Groundball, 3, EV 78.8 MPH)
Peter Metellus scores
Badry Maksimenov to third
Duncan Witteman to second
Batting: RHB Pellervo Rintanen 0-0: Foul Ball, location: 2F
0-1: Ball
1-1: Foul Ball, location: 2F
1-2: Foul Ball, location: 2F
1-2: SINGLE (Groundball, 4MD, EV 100.6 MPH)
Badry Maksimenov scores
Duncan Witteman to third
Tristan Powell to second
Runner from 3rd tries for Home, SAFE, throw by CF to home
Batting: SHB Blaine Callahan 0-0: Ball
1-0: Called Strike
1-1: Called Strike
1-2: Fly out, F7 (Flyball, 78D, EV 75.6 MPH)
Runner from 2nd tags up, SAFE at 3rd with throw by LF
Batting: RHB Tristan Eikelenboom 0-0: Foul Ball, location: 2F
0-1: SINGLE (Groundball, 4MD, EV 97.5 MPH)
Tristan Powell scores
Pellervo Rintanen to second
Batting: LHB Jim Halpert 0-0: Ball
1-0: Foul Ball, location: 2F
1-1: Fielders Choice at 2nd, U4 (Groundball, 4M, EV 94.4 MPH)
Bottom of the 2nd over - 4 runs, 2 hits, 1 error, 2 left on base; Pawnee 3 - Florida 4
TOP OF THE 3RD
Pawnee ParksNRec batting - Pitching for Florida Men : RHP Pancho Covarrubias
Batting: RHB Josh Mawdesley 0-0: Called Strike
0-1: Swinging Strike
0-2: Strikes out swinging
Batting: RHB Peni Ferede 0-0: Fly out, F9 (Flyball, 9LM, EV 95.6 MPH)
Batting: LHB Buddy Patton 0-0: Foul Ball, location: 2F
0-1: SINGLE (Flyball, 9S, EV 95.6 MPH)
Batting: RHB Gilberto Ramírez 0-0: Called Strike
0-1: Ball
1-1: SINGLE (Groundball, 56D, EV 103.8 MPH)
Buddy Patton to second
Batting: RHB Ken Bone 0-0: Called Strike
0-1: Ball
1-1: Foul Ball, location: 2F
1-2: Strikes out swinging
Top of the 3rd over - 0 runs, 2 hits, 0 errors, 2 left on base; Pawnee 3 - Florida 4
BOTTOM OF THE 3RD
Florida Men batting - Pitching for Pawnee ParksNRec : RHP Manuel Ruíz
Batting: LHB Peter Metellus 0-0: Ball
1-0: Ball
2-0: DOUBLE (Line Drive, 7LD, EV 102.5 MPH)
Batting: RHB Matsudaira Sugahara 0-0: Ball
1-0: Called Strike
1-1: TRIPLE (Flyball, 89XD, EV 99.4 MPH)
Peter Metellus scores
Batting: LHB Badry Maksimenov 0-0: Ball
1-0: Fly out, F9 (Flyball, 9D, EV 95.6 MPH)
Runner from 3rd tags up, SCORES, no throw by RF
Batting: LHB Duncan Witteman 0-0: Ball
1-0: Fly out, F7 (Flyball, 7D, EV 91.9 MPH)
Batting: RHB Tristan Powell 0-0: Called Strike
0-1: Called Strike
0-2: Strikes out looking
Bottom of the 3rd over - 2 runs, 2 hits, 0 errors, 0 left on base; Pawnee 3 - Florida 6
TOP OF THE 4TH
Pawnee ParksNRec batting - Pitching for Florida Men : RHP Pancho Covarrubias
Batting: RHB Charles Atkinson 0-0: Foul Ball, location: 2F
0-1: SINGLE (Line Drive, 4D, EV 99.4 MPH)
Batting: RHB Ashton Bailey 0-0: Foul Ball, location: 2F
0-1: Swinging Strike
0-2: Foul Ball, location: 2F
0-2: Ball
1-2: Ball
2-2: SINGLE (Flyball, 78S, EV 89.4 MPH)
Charles Atkinson to second
Batting: RHB Germán Pérez 0-0: Ball
1-0: Ball
2-0: Ball
3-0: Base on Balls
Charles Atkinson to third
Ashton Bailey to second
Batting: RHB Hiroshige Ohashi 0-0: DOUBLE (Line Drive, 8RD, EV 105.0 MPH)
Charles Atkinson scores
Ashton Bailey scores
Germán Pérez to third
Batting: RHB Josh Mawdesley 0-0: SINGLE (Line Drive, 89S, EV 100.0 MPH)
Germán Pérez scores
Hiroshige Ohashi to third
Pitching: RHP Esteban De La Cruz
Batting: RHB Peni Ferede 0-0: Ball
1-0: Foul Ball, location: 2F
1-1: Ball
2-1: Fly out, F2 (Popup, 2RF, EV 92.5 MPH)
Batting: LHB Buddy Patton 0-0: 3-RUN HOME RUN (Flyball, 9D, EV 89.4 MPH), Distance : 372 ft
Batting: RHB Gilberto Ramírez 0-0: Ball
1-0: Called Strike
1-1: Fly out, F9 (Flyball, 9, EV 85.6 MPH)
Batting: RHB Ken Bone 0-0: Ball
1-0: Called Strike
1-1: Ball
2-1: Foul Ball, location: 2F
2-2: SINGLE (Groundball, 5D, EV 100.6 MPH)
Batting: RHB Charles Atkinson 0-0: Called Strike
0-1: Ball
1-1: Ball
2-1: Ball
3-1: Called Strike
3-2: Ground out 5-3 (Groundball, 5, EV 86.2 MPH)
Top of the 4th over - 6 runs, 6 hits, 0 errors, 1 left on base; Pawnee 9 - Florida 6
BOTTOM OF THE 4TH
Florida Men batting - Pitching for Pawnee ParksNRec : RHP Manuel Ruíz
Pitching: RHP Arie de Nooyer
Batting: RHB Pellervo Rintanen 0-0: Ground out 6-3 (Groundball, 6, EV 86.2 MPH)
Batting: SHB Blaine Callahan 0-0: Called Strike
0-1: Fly out, F2 (Popup, 25F, EV 92.5 MPH)
Batting: RHB Tristan Eikelenboom 0-0: Ball
1-0: Ball
2-0: Ball
3-0: Base on Balls
Batting: LHB Jim Halpert 0-0: Ball
1-0: Foul Ball, location: 2F
1-1: Ball
2-1: Foul Ball, location: 2F
2-2: Ball
3-2: DOUBLE (Line Drive, 89XD, EV 99.4 MPH)
Tristan Eikelenboom to third
Tristan Eikelenboom scores
Batting: LHB Peter Metellus 0-0: Ball
1-0: Ball
2-0: Foul Ball, location: 2F
2-1: Ball
3-1: Ground out 1-3 (Groundball, P, EV 90.0 MPH)
Bottom of the 4th over - 1 run, 1 hit, 0 errors, 1 left on base; Pawnee 9 - Florida 7
TOP OF THE 5TH
Pawnee ParksNRec batting - Pitching for Florida Men : RHP Esteban De La Cruz
Batting: RHB Ashton Bailey 0-0: Ball
1-0: Ball
2-0: Called Strike
2-1: Foul Ball, location: 2F
2-2: Foul Ball, location: 2F
2-2: Strikes out swinging
Batting: RHB Germán Pérez 0-0: Called Strike
0-1: Ball
1-1: SINGLE (Line Drive, 56D, EV 108.1 MPH)
Batting: RHB Hiroshige Ohashi 0-0: Ground out 6-3 (Groundball, 4MS, EV 88.1 MPH)
Germán Pérez to second
Batting: RHB Josh Mawdesley 0-0: Ground out 4-3 (Groundball, 4, EV 102.5 MPH)
Top of the 5th over - 0 runs, 1 hit, 0 errors, 1 left on base; Pawnee 9 - Florida 7
BOTTOM OF THE 5TH
Florida Men batting - Pitching for Pawnee ParksNRec : RHP Arie de Nooyer
Batting: RHB Matsudaira Sugahara 0-0: Called Strike
0-1: Swinging Strike
0-2: Foul Ball, location: 2F
0-2: Ball
1-2: Ball
2-2: Foul Ball, location: 2F
2-2: Ground out 5-3 (Groundball, 56S, EV 70.0 MPH)
Batting: LHB Badry Maksimenov 0-0: Ball
1-0: Called Strike
1-1: Called Strike
1-2: Strikes out swinging
Batting: LHB Duncan Witteman 0-0: Swinging Strike
0-1: Ball
1-1: Ball
2-1: Ground out 5-3 (Groundball, 56, EV 101.2 MPH)
Bottom of the 5th over - 0 runs, 0 hits, 0 errors, 0 left on base; Pawnee 9 - Florida 7
TOP OF THE 6TH
Pawnee ParksNRec batting - Pitching for Florida Men : RHP Esteban De La Cruz
Batting: RHB Peni Ferede 0-0: Foul Ball, location: 2F
0-1: Swinging Strike
0-2: Ball
1-2: Foul Ball, location: 2F
1-2: Foul Ball, location: 2F
1-2: Ball
2-2: Ball
3-2: SINGLE (Groundball, 56D, EV 100.0 MPH)
Batting: LHB Buddy Patton 0-0: Ball
1-0: Called Strike
1-1: Ball
2-1: Foul Ball, location: 2F
2-2: Foul Ball, location: 2F
2-2: Foul Ball, location: 2F
2-2: Foul Ball, location: 2F
2-2: 2-RUN HOME RUN (Flyball, 89XD, EV 109.4 MPH), Distance : 420 ft
Pitching: RHP Gary Johnson
Batting: RHB Gilberto Ramírez 0-0: Ball
1-0: Fly out, F7 (Flyball, 7, EV 86.9 MPH)
Batting: RHB Ken Bone 0-0: Ball
1-0: Ball
2-0: Ground out U3 (Groundball, 3, EV 87.5 MPH)
Batting: RHB Charles Atkinson 0-0: Ground out 4-3 (Groundball, 4, EV 83.8 MPH)
Top of the 6th over - 2 runs, 2 hits, 0 errors, 0 left on base; Pawnee 11 - Florida 7
BOTTOM OF THE 6TH
Florida Men batting - Pitching for Pawnee ParksNRec : RHP Arie de Nooyer
Batting: RHB Tristan Powell 0-0: Foul Ball, location: 2F
0-1: Ball
1-1: Fly out, F8 (Line Drive, 8RM, EV 101.2 MPH)
Batting: RHB Pellervo Rintanen 0-0: Called Strike
0-1: Ball
1-1: Ball
2-1: Called Strike
2-2: Strikes out looking
Batting: SHB Blaine Callahan 0-0: Fly out, F9 (Line Drive, 9, EV 103.8 MPH)
Bottom of the 6th over - 0 runs, 0 hits, 0 errors, 0 left on base; Pawnee 11 - Florida 7
TOP OF THE 7TH
Pawnee ParksNRec batting - Pitching for Florida Men : RHP Gary Johnson
Batting: RHB Ashton Bailey 0-0: Ball
1-0: Swinging Strike
1-1: Swinging Strike
1-2: Ball
2-2: Foul Ball, location: 2F
2-2: Ball
3-2: Base on Balls
Batting: RHB Germán Pérez 0-0: Bunted foul
0-1: Bunted foul
0-2: Ball
1-2: Grounds into double play, 6-4-3 (Groundball, 56, EV 101.2 MPH)
Batting: RHB Hiroshige Ohashi 0-0: Called Strike
0-1: Called Strike
0-2: Ball
1-2: Ball
2-2: Strikes out swinging
Top of the 7th over - 0 runs, 0 hits, 0 errors, 0 left on base; Pawnee 11 - Florida 7
BOTTOM OF THE 7TH
Florida Men batting - Pitching for Pawnee ParksNRec : RHP Arie de Nooyer
Batting: RHB Tristan Eikelenboom 0-0: Foul Ball, location: 2F
0-1: Ball
1-1: Ball
2-1: TRIPLE (Flyball, 89XD, EV 93.8 MPH)
Batting: LHB Jim Halpert 0-0: Called Strike
0-1: SINGLE (Line Drive, 56D, EV 96.2 MPH)
Tristan Eikelenboom scores
Batting: LHB Peter Metellus 0-0: Ball
1-0: Bunt - Flyout to 13S! F1
Pitching: RHP Victor Heuvelink
Batting: RHB Matsudaira Sugahara 0-0: Ball
1-0: Ball
2-0: Ball
3-0: Called Strike
3-1: Foul Ball, location: 2F
3-2: Strikes out swinging
Batting: LHB Badry Maksimenov 0-0: Ball
1-0: Ball
2-0: Ball
3-0: Base on Balls
Jim Halpert to second
Batting: LHB Duncan Witteman 0-0: Ball
1-0: Ball
2-0: Fly out, F5 (Popup, 5SF, EV 73.8 MPH)
Bottom of the 7th over - 1 run, 2 hits, 0 errors, 2 left on base; Pawnee 11 - Florida 8
TOP OF THE 8TH
Pawnee ParksNRec batting - Pitching for Florida Men : RHP Gary Johnson
Batting: RHB Josh Mawdesley 0-0: Ground out 5-3 (Groundball, 5, EV 101.2 MPH)
Batting: RHB Peni Ferede 0-0: Swinging Strike
0-1: Ball
1-1: Fly out, F8 (Line Drive, 8RM, EV 103.8 MPH)
Batting: LHB Buddy Patton 0-0: Called Strike
0-1: Foul Ball, location: 2F
0-2: Foul Ball, location: 2F
0-2: Ball
1-2: Ball
2-2: Strikes out swinging
Top of the 8th over - 0 runs, 0 hits, 0 errors, 0 left on base; Pawnee 11 - Florida 8
BOTTOM OF THE 8TH
Florida Men batting - Pitching for Pawnee ParksNRec : RHP Victor Heuvelink
Batting: RHB Tristan Powell 0-0: Fly out, F9 (Flyball, 9D, EV 89.4 MPH)
Batting: RHB Pellervo Rintanen 0-0: Foul Ball, location: 2F
0-1: Ball
1-1: Foul Ball, location: 2F
1-2: SINGLE (Line Drive, 9S, EV 88.1 MPH)
Batting: SHB Blaine Callahan 0-0: Ball
1-0: Foul Ball, location: 2F
1-1: Foul Ball, location: 2F
1-2: Ball
2-2: Foul Ball, location: 2F
2-2: Strikes out swinging
Batting: RHB Tristan Eikelenboom 0-0: Swinging Strike
0-1: Ball
1-1: 2-RUN HOME RUN (Flyball, 78XD, EV 106.9 MPH), Distance : 414 ft
Batting: LHB Jim Halpert 0-0: Swinging Strike
0-1: Foul Ball, location: 2F
0-2: Ball
1-2: Strikes out looking
Bottom of the 8th over - 2 runs, 2 hits, 0 errors, 0 left on base; Pawnee 11 - Florida 10
TOP OF THE 9TH
Pawnee ParksNRec batting - Pitching for Florida Men : RHP Gary Johnson
Batting: RHB Gilberto Ramírez 0-0: Ball
1-0: Foul Ball, location: 2F
1-1: SINGLE (Groundball, 6MD, EV 96.9 MPH)
Batting: RHB Ken Bone 0-0: Ball
1-0: Ball
2-0: Bunted foul
2-1: Sac Bunt - play at second, runner OUT -> throw to first, DP!
Batting: RHB Charles Atkinson 0-0: Ball
1-0: Ball
2-0: Ball
3-0: Base on Balls
Batting: RHB Ashton Bailey 0-0: Ball
1-0: Ground out 5-3 (Groundball, 56S, EV 70.6 MPH)
Top of the 9th over - 0 runs, 1 hit, 0 errors, 1 left on base; Pawnee 11 - Florida 10
BOTTOM OF THE 9TH
Florida Men batting - Pitching for Pawnee ParksNRec : RHP Victor Heuvelink
Pitching: RHP Trevor Brohard
Now at 1B: Manuel Acosta
Now at SS: Jake Pinto
Batting: LHB Peter Metellus 0-0: Swinging Strike
0-1: Ball
1-1: Foul Ball, location: 2F
1-2: SINGLE (Line Drive, 89S, EV 103.8 MPH)
Batting: RHB Matsudaira Sugahara 0-0: Swinging Strike
0-1: Swinging Strike
0-2: Ball
1-2: Foul Ball, location: 2F
1-2: Ball
2-2: Strikes out swinging
Batting: LHB Badry Maksimenov 0-0: Ball
1-0: Grounds into double play, 4-6-3 (Groundball, 4, EV 104.4 MPH)
Bottom of the 9th over - 0 runs, 1 hit, 0 errors, 0 left on base; Pawnee 11 - Florida 10
Tuesday, January 5th, 2021 - OOTP Baseball 20.8 Build 74